 Dungeon Crawl Stone Soup version 0.27-a0-1230-gfc7c993222 (webtiles) character file.

Game seed: 4841287450341932334

16403 Delamore the Spear-Bearer (level 12, -6/74 (89) HPs)
             Began as a Formicid Fighter on June 8, 2021.
             Was a High Priest of Nemelex Xobeh.
             Mangled by a red devil
             ... wielding a +0 demon trident of draining
             ... summoned by an orc high priest
              (16 damage)
             ... on level 2 of the Orcish Mines.
             The game lasted 00:19:08 (16410 turns).

Delamore the Spear-Bearer (Formicid Fighter)       Turns: 16410, Time: 00:19:09

HP:   -6/74 (89)    AC:  0    Str: 24    XL:     12   Next: 69%
MP:   0/20          EV:  6    Int: 16    God:    Nemelex Xobeh [*****.]
Gold: 1169          SH: 11    Dex: 10    Spells: 11/11 levels left

rFire    + . .     SeeInvis +   s - +3 halberd (freeze)
rCold    . . .     Faith    .   c - +0 kite shield
rNeg     . . .     Spirit   +   A - +3 plate armour {Will+}
rPois    .         Reflect  .   (helmet unavailable)
rElec    .         Harm     .   (no cloak)
rCorr    .         Rampage  .   (no gloves)
Will     ++...                  l - +0 pair of boots
Stlth    ..........             D - amulet of guardian spirit
HPRegen  0.22/turn              i - ring of protection from fire
MPRegen  0.17/turn              B - +6 ring of intelligence

@: corroded, heavily drained
A: permanent stasis, dig shafts and tunnels, antennae 3, four strong arms
a: Dig, Shaft Self, Renounce Religion, Draw Escape, Draw Destruction, Draw
Summoning, Triple Draw, Deal Four, Stack Five


You were on level 2 of the Orcish Mines.
You worshipped Nemelex Xobeh.
Nemelex Xobeh was extremely pleased with you.
You visited 3 branches of the dungeon, and saw 14 of its levels.

You collected 1205 gold pieces.
You spent 36 gold pieces at shops.

Inventory:

Hand Weapons
 a - a +0 vorpal trident
 n - a +0 halberd of draining
 s - a +3 halberd of freezing (weapon)
Missiles
 b - a curare-tipped dart
 f - 60 poisoned darts
 g - 2 throwing nets
 w - 23 boomerangs
 z - 12 javelins (quivered)
 H - 2 silver boomerangs
Armour
 c - a +0 kite shield (worn)
 l - a +0 pair of boots (worn)
 v - a +2 ring mail of fire resistance
 A - a +3 plate armour of willpower (worn)
Jewellery
 i - a ring of protection from fire (left hand)
 m - an amulet of the acrobat
 B - a +6 ring of intelligence (right hand)
 D - an amulet of guardian spirit (around neck)
 E - an amulet of reflection
Wands
 r - a wand of acid (11)
 F - a wand of flame (17)
Scrolls
 k - a scroll of fog
 p - 2 scrolls of noise
 q - a scroll of fear
 x - 3 scrolls of identify
 y - a scroll of brand weapon
 C - a scroll of magic mapping
Potions
 d - 2 potions of might
 e - a potion of cancellation
 o - a potion of ambrosia
 t - 3 potions of degeneration
 u - 2 potions of curing
 G - a potion of berserk rage {unknown}
 I - a potion of flight


   Skills:
 + Level 6.4 Fighting
 - Level 14.0 Polearms
 - Level 6.0 Throwing
 - Level 6.0 Armour
 - Level 7.0 Shields
 + Level 10.8 Invocations


You had 11 spell levels left.
You didn't know any spells.
Your spell library contained the following spells:

 Spells                   Type           Power      Damage    Failure   Level
 Confusing Touch          Hex            0%         N/A       100%        3
 Gell's Gravitas          Tloc           0%         N/A       100%        3
 Petrify                  Tmut/Erth      0%         N/A       100%        4
 Metabolic Englaciation   Hex/Ice        0%         N/A       100%        5
 Yara's Violent Unravell  Hex/Tmut       0%         3d3       100%        5


Dungeon Overview and Level Annotations

Branches:
Dungeon (11/15)            Temple (1/1) D:4            Lair (0/6) D:11
    Orc (2/2) D:11            Elf (0/3) Orc:2

Altars:
Dithmenos
Elyvilon
Fedhas
Gozag
Nemelex Xobeh
Okawaru
Sif Muna
Trog
Uskayaw
Vehumet
Beogh

Shops:
D:5 :   Orc:2 !

Annotations:
D:3 2 transporters, Saltbearer's ghost, amateur DrGl
Abyss:1 Robin


Innate Abilities, Weirdness & Mutations

You cannot be hasted, slowed, berserked, paralysed or teleported.
You can dig through walls and to a lower floor.
You have a pair of large antennae on your head. (SInv)
Your four strong arms can wield two-handed weapons with a shield.


Message History

Beogh smites you!
* * * LOW HITPOINT WARNING * * *
You block the orc's attack.
The red devil hits you from afar with a +0 demon trident of draining!
* * * LOW HITPOINT WARNING * * *
You feel drained.
* * * LOW HITPOINT WARNING * * *
You feel much better.
The orc high priest prays to Beogh.
You block the orc's attack.
The orc throws a boomerang.
You block the boomerang.
The red devil hits you from afar with a +0 demon trident of draining!
* * * LOW HITPOINT WARNING * * *
You feel drained.
* * * LOW HITPOINT WARNING * * *
You feel much better.
The orc high priest hits you from afar with a +0 halberd!
The orc hits you with a +0 flail. You block the red devil's attack.
The orc throws a boomerang.
The boomerang hits you.
* * * LOW HITPOINT WARNING * * *
An orc warrior comes into view. It is wielding a +0 dire flail.
You draw a card...
You have drawn the Orb.
Press: ? - help, Shift-Dir - straight line, f - orc
Aim: an orc, wielding a +0 flail and wearing a +0 scale mail
Okay, then.
Really abort (and waste the card)? [Y]es or [N]o only, please.
Really abort (and waste the card)?
Aiming: the Orb
Press: ? - help, Shift-Dir - straight line, f - orc high priest
Aim: an orc high priest, wielding a +0 halberd and wearing a +0 ring mail (translocational energy)
The wavering orb of destruction hits the orc high priest!!!
The orc high priest is severely wounded.
The orc high priest mumbles some strange prayers to Beogh.
The orc high priest is healed somewhat.
The orc hits you with a +0 flail!
* * * LOW HITPOINT WARNING * * *
The red devil hits you from afar with a +0 demon trident of draining!
You die...
Your body glows slightly and disappears.

...###... ###...
.o..#..# #..)..
......## ###...
#.#...## ##.#..
###.8.8.### ##.##..
#..o..)...###
##.####.
...##''[##...###)##
#. #..o..###....##
## #8)@)8# ##.###
#### ##(☼.## #.#
#... #oo4# #.#
###...
#...'4§.'...#.#
#.....
#...#...#...#.#
###...
#####.8.#####)#
##.. #...# #.# ##..
'...' #.# ##.##
#...# #.# #...#


You could see an orc high priest, an ice devil (summoned), a red devil
(summoned), an orc warrior, an orc priest and 2 orcs.

Vanquished Creatures
  A stone giant (Orc:2)
  A boulder beetle (Orc:2)
  2 two-headed ogres
  An orc sorcerer (Orc:1)
  2 cyclopes (D:11)
  A gargoyle (D:7)
  A shadow (D:5)
  A wraith (D:10)
  A wyvern (D:8)
  18 yaks
  A steam dragon (D:8)
  A warg (D:11)
  18 orc warriors
  A sky beast (D:7)
  2 ice beasts
  A black bear (D:6)
  3 necrophages
  6 ogres
  A centaur (D:6)
  2 phantoms (D:5)
  Blork the orc (D:4)
  2 kobold brigands (D:9)
  3 bullfrogs
  3 scorpions
  A water moccasin zombie (D:6)
  3 killer bees (D:8)
  4 electric eels (D:8)
  3 howler monkeys
  13 wights
  4 centaur zombies
  3 gnoll shamans
  3 hounds
  12 orc priests
  A bullfrog skeleton (D:4)
  3 iguanas
  16 orc wizards
  A hound skeleton (D:5)
  12 gnolls
  11 adders
  2 shadow imps (D:6)
  A white imp (D:6)
  An adder skeleton (D:4)
  A worm (D:4)
  56 orcs
  5 bats
  3 endoplasms
  A giant cockroach (D:1)
  14 goblins
  11 hobgoblins
  11 kobolds
  2 quokkas (D:2)
  6 ball pythons
  5 rats
283 creatures vanquished.

Vanquished Creatures (collateral kills)
  A two-headed ogre (D:5)
  An orc high priest (Orc:1)
  An orc knight (Orc:1)
  2 orc sorcerers (Orc:2)
  A guardian serpent (shapeshifter) (D:9)
  A yak (D:10)
  2 wargs (Orc:2)
  8 orc warriors
  An ogre (Orc:2)
  A bullfrog (D:4)
  A killer bee (D:8)
  An orc priest (Orc:1)
  3 orc wizards
  10 orcs
  A hobgoblin (D:4)
  6 goblins (D:4)
41 creatures vanquished.

Vanquished Creatures (others)
  39 plants
39 creatures vanquished.

Grand Total: 363 creatures vanquished

Notes
Turn   | Place    | Note
-------+----------+-------------------------------------------
     0 | D:1      | Delamore the Formicid Fighter began the quest for the Orb.
     0 | D:1      | Reached XP level 1. HP: 18/18 MP: 1/1
   221 | D:1      | Reached XP level 2. HP: 16/24 MP: 2/2
  1004 | D:2      | Reached skill level 3 in Polearms
  1004 | D:2      | Reached XP level 3. HP: 30/30 MP: 3/3
  1174 | D:2      | Found a faded altar of an unknown god.
  1307 | D:2      | Became a worshipper of Nemelex Xobeh the Trickster
  1307 | D:2      | Reached * piety under Nemelex Xobeh
  1307 | D:2      | Received a gift from Nemelex Xobeh
  1662 | D:2      | Reached XP level 4. HP: 28/37 MP: 4/4
  2444 | D:3      | Found a transporter.
  2483 | D:3      | Noticed Saltbearer's ghost (amateur DrGl)
  2582 | D:3      | Noticed an ice beast
  2603 | D:3      | Killed an ice beast
  2604 | D:3      | Reached skill level 4 in Polearms
  2604 | D:3      | Reached XP level 5. HP: 7/43 MP: 5/5
  3084 | D:3      | Found a transporter.
  3481 | D:3      | Received a gift from Nemelex Xobeh
  3563 | D:4      | Reached XP level 6. HP: 37/49 MP: 6/6
  3646 | D:4      | Reached skill level 5 in Fighting
  3646 | D:4      | Reached skill level 5 in Polearms
  3674 | D:4      | Noticed Blork the orc
  3682 | D:4      | Killed Blork the orc
  3967 | D:4      | Reached ** piety under Nemelex Xobeh
  4047 | D:4      | Reached skill level 6 in Polearms
  4047 | D:4      | Reached XP level 7. HP: 54/56 MP: 7/7
  4216 | D:4      | Noticed Robin
  4223 | D:4      | Found a staircase to the Ecumenical Temple.
  4234 | D:4      | Banished Robin
  4300 | Temple   | Entered the Ecumenical Temple
  4603 | D:4      | Reached skill level 1 in Throwing
  5127 | D:5      | Entered Level 5 of the Dungeon
  5127 | D:5      | Received a gift from Nemelex Xobeh
  5165 | D:5      | Reached skill level 7 in Polearms
  5386 | D:5      | Reached XP level 8. HP: 54/62 MP: 8/8
  5580 | D:5      | Found a bloodstained altar of Trog.
  5600 | D:5      | Found Ovam's Book Boutique.
  5600 | D:5      | Noticed a shadow
  5618 | D:5      | Killed a shadow
  5619 | D:5      | Reached skill level 8 in Polearms
  5695 | D:5      | Noticed a two-headed ogre
  5710 | D:5      | Killed a two-headed ogre
  5718 | D:5      | Reached skill level 9 in Polearms
  5718 | D:5      | Reached XP level 9. HP: 54/68 MP: 9/9
  6269 | D:6      | Reached *** piety under Nemelex Xobeh
  6340 | D:6      | Reached skill level 5 in Throwing
  6816 | D:6      | Reached skill level 10 in Polearms
  6973 | D:6      | Received a gift from Nemelex Xobeh
  7249 | D:7      | Reached skill level 1 in Invocations
  7957 | D:7      | Noticed a gargoyle
  7959 | D:7      | Killed a gargoyle
  7960 | D:7      | Reached XP level 10. HP: 74/74 MP: 10/12
  8169 | D:8      | Found an opulent altar of Gozag.
  8225 | D:8      | Reached skill level 5 in Shields
  8263 | D:8      | Reached skill level 11 in Polearms
  8393 | D:8      | Reached **** piety under Nemelex Xobeh
  8439 | D:8      | Received a gift from Nemelex Xobeh
  8998 | D:8      | Noticed an orange demon
  9047 | D:8      | You fall into a shaft and drop 1 floor!
  9939 | D:9      | Noticed a guardian serpent
  9944 | D:9      | Killed a guardian serpent
 10065 | D:9      | Reached skill level 5 in Invocations
 10655 | D:8      | Received a gift from Nemelex Xobeh
 11278 | D:8      | Reached skill level 12 in Polearms
 11886 | D:10     | Entered Level 10 of the Dungeon
 11904 | D:10     | Reached XP level 11. HP: 67/79 MP: 14/14
 11916 | D:10     | Found an iron altar of Okawaru.
 12093 | D:10     | Found a radiant altar of Vehumet.
 12098 | D:10     | Found Sobyrizxi's Assorted Antiques.
 12454 | D:10     | Reached ***** piety under Nemelex Xobeh
 12457 | D:10     | Received a gift from Nemelex Xobeh
 12546 | D:10     | Noticed a two-headed ogre
 12554 | D:10     | Killed a two-headed ogre
 12555 | D:10     | Reached skill level 5 in Armour
 12800 | D:10     | Reached skill level 13 in Polearms
 13002 | D:11     | Noticed a cyclops
 13017 | D:11     | Killed a cyclops
 13102 | D:11     | Noticed a cyclops
 13105 | D:11     | Killed a cyclops
 13193 | D:11     | Found a staircase to the Orcish Mines.
 13333 | D:11     | Noticed a two-headed ogre
 13338 | D:11     | Killed a two-headed ogre
 13670 | D:11     | Found a staircase to the Lair.
 13861 | D:11     | Received a gift from Nemelex Xobeh
 14043 | Orc:1    | Entered Level 1 of the Orcish Mines
 14043 | Orc:1    | Noticed an orc knight
 14049 | Orc:1    | Noticed an orc high priest
 14050 | Orc:1    | Killed an orc knight
 14056 | Orc:1    | Reached XP level 12. HP: 83/86 MP: 15/17
 14056 | Orc:1    | Killed an orc high priest
 14306 | Orc:2    | Entered Level 2 of the Orcish Mines
 14555 | Orc:1    | Reached skill level 14 in Polearms
 14780 | Orc:2    | Found a staircase to the Elven Halls.
 15000 | Orc:2    | Found Adaunegy's Distillery.
 15005 | Orc:2    | Bought a potion of flight for 36 gold pieces
 15081 | Orc:2    | Noticed a boulder beetle
 15098 | Orc:2    | Killed a boulder beetle
 15350 | Orc:2    | Reached skill level 10 in Invocations
 15422 | Orc:2    | Noticed Saint Roka
 15433 | Orc:2    | Noticed an orc high priest
 15945 | Orc:2    | Noticed Saint Roka
 15945 | Orc:2    | Saint Roka changed into Saint Roka the stone giant
 15948 | Orc:2    | Killed Saint Roka the stone giant
 16390 | Orc:2    | Noticed a soul eater
 16408 | Orc:2    | HP: 1/74 [red devil/+0 demon trident of draining[an orc
                  | high priest] (3)]
 16410 | Orc:2    | Mangled by a red devil

Illustrated notes

Levels and vault maps discovered:
D:1:      grunt_arrival_crossed_arrows, layout_basic
D:2:      layout_loops_corners, shapermc_ecumenical_altar_hornbeckon
D:3:      layout_basic, gammafunk_ghost_gnarly_gnolls
D:4:      minmay_skewed_foursquare, layout_cave_pools,
          minmay_temple_entry_wispy, minmay_crystal_room,
          hangedman_decor_lopped, minmay_door_square, uniq_robin,
          uniq_blork_the_orc
D:5:      layout_loops_ring, trog_three_pillars_becter, serial_shops, shop,
          corexii_corridor_pit
D:6:      layout_rooms
D:7:      layout_cave_pools
D:8:      layout_basic, nicolae_gozag_cash_rules_everything_around_me,
          serial_bayou_lake_a
D:9:      layout_loops_corners
D:10:     layout_rooms, chequers_temple_overflow_statue_of_worship,
          serial_shops, nicolae_shop_trees
D:11:     layout_roguey, lair_entry_dummy, erik_orc_3
Temple:   regret_index_temple_mists
Orc:1:    layout_caves
Orc:2:    grunt_orc_community_town_hall, layout_diamond_mine,
          grunt_orc_community_big_house_2, grunt_orc_community_big_house_2,
          grunt_orc_community_house_2, grunt_orc_community_house_3,
          grunt_orc_community_house_2, grunt_orc_community_house_3,
          grunt_orc_community_house_2, abandoned_shop, rock_pile, uniq_nessos

Skill      XL: |  1  2  3  4  5  6  7  8  9 10 11 12 |
---------------+-------------------------------------+-----
Polearms       | 3 4 6 7 9 10 12 13 14 | 14.0
Fighting       | 4 5 6 |  6.4
Throwing       | 2 4 6 |  6.0
Invocations    | 2 5 7 10 | 10.8
Shields        | 4 7 |  7.0
Armour         | 6 |  6.0

Action                   |  1- 3 |  4- 6 |  7- 9 | 10-12 || total
-------------------------+-------+-------+-------+-------++-------
Melee: Trident           |    81 |    88 |   306 |       ||   475
       Halberd           |       |       |    19 |   578 ||   597
Throw: Javelin           |       |     2 |    22 |    14 ||    38
       Dart              |       |       |       |     2 ||     2
Invok: Draw Destruction  |       |     3 |     6 |    17 ||    26
       Draw Escape       |       |       |     2 |     3 ||     5
       Draw Summoning    |       |       |     2 |    12 ||    14
 Abil: Dig               |       |       |     2 |    10 ||    12
       Shaft Self        |       |       |       |     1 ||     1
  Use: Scroll            |     1 |     3 |     5 |     5 ||    14
       Potion            |       |     5 |     2 |     6 ||    13
 Stab: Invisible         |       |     1 |       |       ||     1
       Distracted        |       |       |       |     2 ||     2
Armor: Scale mail        |    30 |    15 |       |       ||    45
       Skin              |       |     9 |       |       ||     9
       Plate armour      |       |    22 |   171 |   128 ||   321
       Ring mail         |       |       |       |     5 ||     5
Dodge: Dodged            |    16 |    14 |    59 |    89 ||   178
Block: Kite shield       |    31 |    34 |   163 |   217 ||   445

Table legend: (Time is in decaauts)
 A = Elapsed time spent in this place.
 B = Non-inter-level travel time spent in this place.
 C = Inter-level travel time spent in this place.
 D = Time resting spent in this place.
 E = Time spent auto-exploring this place.
 F = Levels seen in this place.
 G = Mean time per level.
                   A        B        C        D        E       F      G
               +--------+--------+--------+--------+--------+-----+--------+
         Total |  16527 |  16058 |    469 |   3279 |  10336 |  14 | 1180.5 |
       Dungeon |  13962 |  13515 |    447 |   2603 |   9036 |  11 | 1269.3 |
        Temple |    219 |    219 |      0 |    211 |      0 |   1 |  219.0 |
  Orcish Mines |   2345 |   2323 |     22 |    465 |   1300 |   2 | 1172.5 |
               +--------+--------+--------+--------+--------+-----+--------+

Top non-repeatable levels by time:
     D:8: 2214 daAuts
     D:9: 1549 daAuts
     D:2: 1430 daAuts
     D:4: 1373 daAuts
     D:3: 1208 daAuts
   Orc:1: 1194 daAuts
     D:6: 1186 daAuts
   Orc:2: 1151 daAuts
     D:5: 1137 daAuts
    D:10: 1090 daAuts
    D:11: 1053 daAuts
     D:1: 981 daAuts
     D:7: 736 daAuts
  Temple: 219 daAuts
